PBL
ROSWELL INVADERS @ JOPLIN BLASTERS
09/17/2045
 
TOP OF THE 1ST
Roswell Invaders batting - Pitching for Joplin Blasters : RHP Kevin Tumbleson
Pitching: RHP Kevin Tumbleson
Batting: RHB D.J. Cooke 0-0: Ball
1-0: Swinging Strike
1-1: Swinging Strike
1-2: Strikes out looking
Batting: SHB Ed Vargas 0-0: Ball
1-0: Ball
2-0: Foul Ball, location: 2F
2-1: Ball
3-1: Called Strike
3-2: Ground out U3 (Groundball, 34, EV 80.0 MPH)
Batting: RHB Josh Burrows 0-0: Foul Ball, location: 2F
0-1: Foul Ball, location: 2F
0-2: Strikes out swinging
Top of the 1st over - 0 runs, 0 hits, 0 errors, 0 left on base; Roswell 0 - Joplin 0
BOTTOM OF THE 1ST
Joplin Blasters batting - Pitching for Roswell Invaders : RHP Jim Sanders
Pitching: RHP Jim Sanders
Batting: RHB Jonas Fernandez 0-0: Swinging Strike
0-1: Ball
1-1: Ball
2-1: Called Strike
2-2: Ball
3-2: Foul Ball, location: 2F
3-2: Base on Balls
Batting: RHB Carlos Almada 0-0: Ball
1-0: Foul Ball, location: 2F
1-1: Swinging Strike
1-2: Strikes out swinging
Batting: LHB Mike Bhatti 0-0: Ball
1-0: Ball
2-0: Ball
3-0: Called Strike
3-1: Base on Balls
Jonas Fernandez to second
Batting: RHB Chance Argy 0-0: Ball
1-0: Ball
2-0: Called Strike
2-1: Foul Ball, location: 2F
2-2: Strikes out swinging
Batting: RHB Nick Julien 0-0: Called Strike
0-1: DOUBLE (Line Drive, 7LM, EV 111.9 MPH)
Jonas Fernandez scores
Mike Bhatti to third
Runner from 3rd tries for Home, SAFE, throw by LF to trailing runner, SAFE at third!
Batting: LHB Pablo Serrato 0-0: Swinging Strike
0-1: Called Strike
0-2: Foul Ball, location: 2F
0-2: Foul Ball, location: 2F
0-2: Strikes out looking
Bottom of the 1st over - 2 runs, 1 hit, 0 errors, 1 left on base; Roswell 0 - Joplin 2
TOP OF THE 2ND
Roswell Invaders batting - Pitching for Joplin Blasters : RHP Kevin Tumbleson
Batting: RHB Mike Swift 0-0: Ball
1-0: Foul Ball, location: 2F
1-1: Foul Ball, location: 2F
1-2: Strikes out looking
Batting: LHB Josh Thomas 0-0: Ball
1-0: Foul Ball, location: 2F
1-1: Foul Ball, location: 2F
1-2: Strikes out swinging
Batting: RHB Orlando Florez 0-0: Ball
1-0: Ball
2-0: Foul Ball, location: 2F
2-1: Fly out, F9 (Flyball, 89D, EV 101.9 MPH)
Top of the 2nd over - 0 runs, 0 hits, 0 errors, 0 left on base; Roswell 0 - Joplin 2
BOTTOM OF THE 2ND
Joplin Blasters batting - Pitching for Roswell Invaders : RHP Jim Sanders
Batting: SHB Bill Ertl 0-0: Ball
1-0: Fly out, F7 (Flyball, 78D, EV 75.6 MPH)
Batting: RHB Jason Birge 0-0: Swinging Strike
0-1: Ball
1-1: Ball
2-1: Foul Ball, location: 2F
2-2: Strikes out swinging
Batting: RHB Carlos Santoni 0-0: Ball
1-0: Called Strike
1-1: Swinging Strike
1-2: Ball
2-2: Ball
3-2: Strikes out looking
Bottom of the 2nd over - 0 runs, 0 hits, 0 errors, 0 left on base; Roswell 0 - Joplin 2
TOP OF THE 3RD
Roswell Invaders batting - Pitching for Joplin Blasters : RHP Kevin Tumbleson
Pitching: RHP Obiniana Gaters
Batting: RHB Edwin Romero 0-0: Swinging Strike
0-1: Ball
1-1: Foul Ball, location: 2F
1-2: Ball
2-2: Foul Ball, location: 2F
2-2: Ball
3-2: Base on Balls
Batting: LHB Falco van Koeveringe 0-0: Ball
1-0: Called Strike
Edwin Romero is caught stealing 2nd base 2-6
1-1: Ball
2-1: Ground out 4-3 (Groundball, 4, EV 85.6 MPH)
Batting: RHB Hector Tabares 0-0: Called Strike
0-1: Fly out, F8 (Line Drive, 8RD, EV 95.6 MPH)
Top of the 3rd over - 0 runs, 0 hits, 0 errors, 0 left on base; Roswell 0 - Joplin 2
BOTTOM OF THE 3RD
Joplin Blasters batting - Pitching for Roswell Invaders : RHP Jim Sanders
Batting: RHB Jonas Fernandez 0-0: Foul Ball, location: 2F
0-1: Swinging Strike
0-2: DOUBLE (Line Drive, 78XD, EV 108.1 MPH)
Batting: RHB Carlos Almada 0-0: Ball
1-0: Foul Ball, location: 2F
1-1: Foul Ball, location: 2F
1-2: Foul Ball, location: 2F
1-2: Ball
2-2: Foul Ball, location: 2F
2-2: Ball
3-2: SINGLE (Line Drive, 4MD, EV 107.5 MPH)
Jonas Fernandez to third
Batting: LHB Mike Bhatti 0-0: Swinging Strike
0-1: Called Strike
0-2: Strikes out swinging
Batting: RHB Chance Argy 0-0: DOUBLE (Line Drive, 3D, EV 99.4 MPH)
Jonas Fernandez scores
Carlos Almada to third
Batting: RHB Nick Julien 0-0: Ground out 5-3 (Groundball, 5, EV 80.6 MPH)
Batting: LHB Pablo Serrato 0-0: Called Strike
0-1: Foul Ball, location: 2F
0-2: Ball
1-2: Strikes out swinging
Bottom of the 3rd over - 1 run, 3 hits, 0 errors, 2 left on base; Roswell 0 - Joplin 3
TOP OF THE 4TH
Roswell Invaders batting - Pitching for Joplin Blasters : RHP Obiniana Gaters
Batting: RHB D.J. Cooke 0-0: Called Strike
0-1: Fly out, F2 (Popup, 25F, EV 86.2 MPH)
Batting: SHB Ed Vargas 0-0: Ground out U3 (Groundball, 34, EV 101.2 MPH)
Batting: RHB Josh Burrows 0-0: Called Strike
0-1: Swinging Strike
0-2: Ball
1-2: Ball
2-2: DOUBLE (Flyball, 9LM, EV 102.5 MPH)
Batting: RHB Mike Swift 0-0: Called Strike
0-1: Ball
1-1: Ball
2-1: Ball
Passed Ball!
Josh Burrows to third
3-1: Called Strike
3-2: Foul Ball, location: 2F
3-2: SINGLE (Flyball, 3D, EV 94.4 MPH)
Josh Burrows scores
Batting: LHB Josh Thomas 0-0: Ball
1-0: Ball
2-0: Foul Ball, location: 2F
2-1: Foul Ball, location: 2F
2-2: Strikes out swinging
Top of the 4th over - 1 run, 2 hits, 0 errors, 1 left on base; Roswell 1 - Joplin 3
BOTTOM OF THE 4TH
Joplin Blasters batting - Pitching for Roswell Invaders : RHP Jim Sanders
Batting: SHB Bill Ertl 0-0: Ball
1-0: Ball
2-0: Called Strike
2-1: Foul Ball, location: 2F
2-2: Ball
3-2: Base on Balls
Batting: RHB Jason Birge 0-0: Swinging Strike
0-1: Ball
1-1: Ball
2-1: Ball
3-1: Swinging Strike
3-2: SINGLE (Groundball, P, EV 81.2 MPH) (infield hit)
Bill Ertl to second
Batting: RHB Carlos Santoni 0-0: Called Strike
0-1: Ball
1-1: Ball
2-1: Foul Ball, location: 2F
2-2: Strikes out swinging
Batting: RHB Jonas Fernandez 0-0: Ground out 5-3 (Groundball, 56S, EV 68.8 MPH)
Bill Ertl to third
Jason Birge to second
Batting: RHB Carlos Almada 0-0: Swinging Strike
0-1: Ball
1-1: Ball
2-1: Called Strike
2-2: Foul Ball, location: 2F
2-2: Foul Ball, location: 2F
2-2: Ball
3-2: Foul Ball, location: 2F
3-2: SINGLE (Groundball, 56S, EV 65.6 MPH) (infield hit)
Bill Ertl scores
Jason Birge to third
Batting: LHB Mike Bhatti 0-0: Foul Ball, location: 2F
0-1: Called Strike
0-2: Foul Ball, location: 2F
0-2: Ground out U3 (Groundball, 3, EV 80.0 MPH)
Bottom of the 4th over - 1 run, 2 hits, 0 errors, 2 left on base; Roswell 1 - Joplin 4
TOP OF THE 5TH
Roswell Invaders batting - Pitching for Joplin Blasters : RHP Obiniana Gaters
Batting: RHB Orlando Florez 0-0: Ball
1-0: Swinging Strike
1-1: Swinging Strike
1-2: Strikes out looking
Batting: RHB Edwin Romero 0-0: SINGLE (Groundball, 6S, EV 76.9 MPH) (infield hit)
Pitching: LHP Butch Ott
Batting: LHB Falco van Koeveringe 0-0: Ball
1-0: Called Strike
1-1: Called Strike
1-2: Foul Ball, location: 2F
1-2: Strikes out swinging
Batting: RHB Hector Tabares 0-0: Ball
1-0: Ball
2-0: Ball
3-0: Called Strike
3-1: Called Strike
3-2: Base on Balls
Edwin Romero to second
Batting: RHB D.J. Cooke 0-0: Ball
1-0: Foul Ball, location: 2F
1-1: Swinging Strike
1-2: Ball
2-2: Foul Ball, location: 2F
2-2: Strikes out swinging
Top of the 5th over - 0 runs, 1 hit, 0 errors, 2 left on base; Roswell 1 - Joplin 4
BOTTOM OF THE 5TH
Joplin Blasters batting - Pitching for Roswell Invaders : RHP Jim Sanders
Batting: RHB Chance Argy 0-0: Foul Ball, location: 2F
0-1: Ball
1-1: Swinging Strike
1-2: Fly out, F8 (Flyball, 8RD, EV 101.2 MPH)
Batting: RHB Nick Julien 0-0: Ball
1-0: Ball
2-0: Ball
3-0: Called Strike
3-1: Base on Balls
Batting: LHB Pablo Serrato 0-0: Foul Ball, location: 2F
0-1: Ball
1-1: Ball
2-1: Ball
3-1: Called Strike
3-2: Strikes out swinging
Pitching: RHP John Meyer
Batting: SHB Bill Ertl 0-0: Called Strike
0-1: Ball
1-1: Ground out 4-3 (Groundball, 4, EV 88.8 MPH)
Bottom of the 5th over - 0 runs, 0 hits, 0 errors, 1 left on base; Roswell 1 - Joplin 4
TOP OF THE 6TH
Roswell Invaders batting - Pitching for Joplin Blasters : LHP Butch Ott
Batting: SHB Ed Vargas 0-0: Ball
1-0: Swinging Strike
1-1: Ground out 4-3 (Groundball, 4, EV 103.8 MPH)
Batting: RHB Josh Burrows 0-0: Ball
1-0: Called Strike
1-1: Swinging Strike
1-2: Ball
2-2: Ball
3-2: DOUBLE (Line Drive, 89D, EV 111.9 MPH)
Batting: RHB Mike Swift 0-0: Foul Ball, location: 2F
0-1: Ball
1-1: Ball
2-1: Ball
3-1: Base on Balls
Pitching: RHP John Barnett
Batting: LHB Josh Thomas 0-0: Ball
1-0: Ball
2-0: Called Strike
2-1: Ball
3-1: Foul Ball, location: 2F
3-2: Strikes out swinging
Batting: RHB Orlando Florez 0-0: Ball
1-0: Ball
2-0: Ball
3-0: Called Strike
3-1: DOUBLE (Line Drive, 9LS, EV 89.4 MPH)
Josh Burrows scores
Mike Swift to third
Runner from 3rd tries for Home, SAFE, throw by RF to trailing runner, SAFE at third!
Batting: RHB Edwin Romero 0-0: Swinging Strike
0-1: Swinging Strike
0-2: Ball
1-2: Ball
2-2: Fly out, F4 (Popup, 4M, EV 57.5 MPH)
Top of the 6th over - 2 runs, 2 hits, 0 errors, 1 left on base; Roswell 3 - Joplin 4
BOTTOM OF THE 6TH
Joplin Blasters batting - Pitching for Roswell Invaders : RHP John Meyer
Batting: RHB Jason Birge 0-0: Called Strike
0-1: SINGLE (Flyball, 4D, EV 95.0 MPH)
Batting: RHB Carlos Santoni 0-0: Ball
1-0: SINGLE (Groundball, 56, EV 107.5 MPH)
Jason Birge to second
Batting: RHB Jonas Fernandez 0-0: Ball
1-0: Fly out, F8 (Flyball, 8RD, EV 97.5 MPH)
Batting: RHB Carlos Almada 0-0: Ball
1-0: Grounds into double play, 4-6-3 (Groundball, 4, EV 85.0 MPH)
Bottom of the 6th over - 0 runs, 2 hits, 0 errors, 1 left on base; Roswell 3 - Joplin 4
TOP OF THE 7TH
Roswell Invaders batting - Pitching for Joplin Blasters : RHP John Barnett
Pitching: RHP Phil Kellum
Batting: LHB Falco van Koeveringe 0-0: Called Strike
0-1: Ball
1-1: Ball
2-1: SINGLE (Flyball, 8RS, EV 93.1 MPH)
Batting: RHB Hector Tabares 0-0: Sac Bunt to 15S - play at first, batter OUT! 1-4
Falco van Koeveringe to second
Batting: RHB D.J. Cooke 0-0: Called Strike
0-1: Ball
1-1: Foul Ball, location: 2F
1-2: Strikes out swinging
Batting: SHB Ed Vargas 0-0: Ball
1-0: Called Strike
1-1: SINGLE (Line Drive, 89M, EV 86.9 MPH)
Falco van Koeveringe to third
Runner from 3rd tries for Home, SAFE, throw by RF to home
Ed Vargas to second
Batting: RHB Josh Burrows 0-0: Ball
1-0: Called Strike
1-1: Foul Ball, location: 2F
1-2: Fly out, F7 (Line Drive, 7, EV 96.9 MPH)
Top of the 7th over - 1 run, 2 hits, 0 errors, 1 left on base; Roswell 4 - Joplin 4
BOTTOM OF THE 7TH
Joplin Blasters batting - Pitching for Roswell Invaders : RHP John Meyer
Batting: LHB Mike Bhatti 0-0: Called Strike
0-1: Ball
1-1: Ball
2-1: Reached on error, E9 (Flyball, 89D, EV 100.6 MPH)
Batting: RHB Chance Argy 0-0: Foul Ball, location: 2F
0-1: Swinging Strike
0-2: Ball
1-2: Ball
2-2: Ball
3-2: SINGLE (Flyball, 4MD, EV 86.9 MPH)
Mike Bhatti to third
Batting: RHB Nick Julien 0-0: Ball
1-0: Ball
2-0: Ball
3-0: Base on Balls
Chance Argy to second
Batting: LHB Pablo Serrato 0-0: Foul Ball, location: 2F
0-1: Called Strike
0-2: Ball
1-2: SINGLE (Groundball, 6D, EV 101.9 MPH)
Mike Bhatti scores
Chance Argy to third
Nick Julien to second
Batting: SHB Bill Ertl 0-0: Ball
1-0: Ball
2-0: Called Strike
2-1: Foul Ball, location: 2F
2-2: Ball
3-2: Fly out, F6 (Popup, 6, EV 68.8 MPH)
Batting: RHB Jason Birge 0-0: SINGLE (Groundball, 56D, EV 95.6 MPH)
Chance Argy scores
Nick Julien to third
Pablo Serrato to second
Batting: RHB Carlos Santoni 0-0: Called Strike
0-1: Ball
1-1: Ball
2-1: SINGLE (Groundball, 56D, EV 93.8 MPH)
Nick Julien scores
Pablo Serrato to third
Jason Birge to second
Runner from 3rd tries for Home, SAFE, throw by LF to home
Pitching: RHP Jose Rodas
Batting: RHB Jonas Fernandez 0-0: Ball
1-0: Called Strike
1-1: DOUBLE (Flyball, 78XD, EV 111.9 MPH)
Jason Birge scores
Carlos Santoni to third
Runner from 3rd tries for Home, SAFE, throw by LF to home
Batting: RHB Carlos Almada 0-0: Ball
1-0: Ball
2-0: Foul Ball, location: 2F
2-1: Foul Ball, location: 2F
2-2: Fly out, F8 (Flyball, 8RS, EV 88.1 MPH)
Batting: LHB Mike Bhatti 0-0: Ball
1-0: Called Strike
1-1: Ball
2-1: Ball
3-1: Base on Balls
Batting: RHB Chance Argy 0-0: Ball
1-0: Ball
2-0: Ball
3-0: Called Strike
3-1: Foul Ball, location: 2F
3-2: Foul Ball, location: 2F
3-2: Foul Ball, location: 2F
3-2: Base on Balls
Jonas Fernandez to third
Mike Bhatti to second
Batting: RHB Nick Julien 0-0: Foul Ball, location: 2F
0-1: Ball
1-1: Ball
2-1: Ball
3-1: Fielders Choice at 2nd, 6-4 (Groundball, 6, EV 76.9 MPH)
Bottom of the 7th over - 6 runs, 5 hits, 1 error, 3 left on base; Roswell 4 - Joplin 10
TOP OF THE 8TH
Roswell Invaders batting - Pitching for Joplin Blasters : RHP Phil Kellum
Batting: RHB Mike Swift 0-0: Foul Ball, location: 2F
0-1: Ball
1-1: Foul Ball, location: 2F
1-2: Strikes out swinging
Batting: LHB Josh Thomas 0-0: Swinging Strike
0-1: Called Strike
0-2: Strikes out swinging
Batting: RHB Orlando Florez 0-0: Called Strike
0-1: Ball
1-1: Ball
2-1: Ball
3-1: Base on Balls
Batting: RHB Edwin Romero 0-0: Fielders Choice at 2nd, 6-4 (Groundball, 6, EV 86.9 MPH)
Top of the 8th over - 0 runs, 0 hits, 0 errors, 1 left on base; Roswell 4 - Joplin 10
BOTTOM OF THE 8TH
Joplin Blasters batting - Pitching for Roswell Invaders : RHP Jose Rodas
Batting: LHB Pablo Serrato 0-0: SINGLE (Flyball, 34D, EV 85.0 MPH)
Batting: SHB Bill Ertl 0-0: Ball
1-0: Called Strike
1-1: Ball
2-1: Foul Ball, location: 2F
2-2: Foul Ball, location: 2F
2-2: Strikes out swinging
Batting: RHB Jason Birge 0-0: Foul Ball, location: 2F
0-1: Foul Ball, location: 2F
0-2: Ball
1-2: Ball
2-2: Ball
3-2: Foul Ball, location: 2F
3-2: Foul Ball, location: 2F
3-2: Base on Balls
Pablo Serrato to second
Pitching: RHP Victor Cisneros
Batting: RHB Carlos Santoni 0-0: Ball
1-0: Called Strike
1-1: Called Strike
1-2: Foul Ball, location: 2F
1-2: TRIPLE (Line Drive, 89XD, EV 100.0 MPH)
Pablo Serrato scores
Jason Birge scores
Batting: RHB Jonas Fernandez 0-0: Called Strike
0-1: Reached on error, E5 (Groundball, 56, EV 85.0 MPH)
Carlos Santoni scores
Batting: RHB Carlos Almada 0-0: Foul Ball, location: 2F
0-1: Foul Ball, location: 2F
0-2: Ball
1-2: Foul Ball, location: 2F
1-2: SINGLE (Groundball, 34D, EV 99.4 MPH)
Jonas Fernandez to second
Pinch Hitting: LHB Edgar Ortiz 0-0: Ball
1-0: Ball
2-0: Foul Ball, location: 2F
2-1: Fly out, F7 (Flyball, 7S, EV 86.2 MPH)
Batting: RHB Chance Argy 0-0: Called Strike
0-1: Called Strike
0-2: Fielders Choice at 2nd, 6-4 (Groundball, 6, EV 85.6 MPH)
Bottom of the 8th over - 3 runs, 3 hits, 1 error, 2 left on base; Roswell 4 - Joplin 13
TOP OF THE 9TH
Roswell Invaders batting - Pitching for Joplin Blasters : RHP Phil Kellum
Now at 3B: Edgar Ortiz
Batting: LHB Falco van Koeveringe 0-0: Ball
1-0: Ball
2-0: Ball
3-0: Base on Balls
Pitching: RHP Josh Rutledge
Pinch Hitting: LHB Dallas Kelly 0-0: Ball
1-0: Ball
2-0: Called Strike
2-1: 2-RUN HOME RUN (Flyball, 9LD, EV 94.4 MPH), Distance : 357 ft
Batting: RHB D.J. Cooke 0-0: Called Strike
0-1: Ground out U3 (Groundball, 3S, EV 83.1 MPH)
Pinch Hitting: RHB Hyeok Shon 0-0: Ball
1-0: Ball
2-0: Swinging Strike
2-1: Reached on error, E3 (Groundball, 34S, EV 83.1 MPH)
Batting: RHB Josh Burrows 0-0: Fly out, F8 (Flyball, 8LD, EV 91.9 MPH)
Batting: RHB Mike Swift 0-0: Ball
1-0: 2-RUN HOME RUN (Flyball, 78XD, EV 103.1 MPH), Distance : 408 ft
Batting: LHB Josh Thomas 0-0: Foul Ball, location: 2F
0-1: Swinging Strike
0-2: Ball
1-2: Ball
2-2: Strikes out looking
Top of the 9th over - 4 runs, 2 hits, 1 error, 0 left on base; Roswell 8 - Joplin 13
Wednesday, June 22nd , 2022 - OOTP Baseball 23.4 Build 64